 Dungeon Crawl Stone Soup version 0.23.2-1-ga50397a6bc (webtiles) character file.

Game seed: 6045337017105125054

91 ElTigreChino the Digger (level 4, -7/24 HPs)
             Began as a Gargoyle Earth Elementalist on Apr 12, 2019.
             Killed from afar by an orc wizard (13 damage)
             ... with a puff of flame
             ... on level 2 of the Dungeon on Apr 16, 2019.
             The game lasted 00:11:26 (1534 turns).

ElTigreChino the Digger (GrEE)                      Turns: 1534, Time: 00:11:27

Health: -7/24      AC:  5    Str: 11    XL:     4   Next: 59%
Magic:  6/9        EV: 12    Int: 17    God:
Gold:   83         SH:  0    Dex: 10    Spells: 8/9 levels left

rFire    . . .     SeeInvis .   i - +0 club
rCold    . . .     Gourm    .   (no shield)
rNeg     + . .     Faith    .   c - +0 robe
rPois    ∞         Spirit   .   (no helmet)
rElec    +         Reflect  .   (no cloak)
rCorr    .         Harm     .   (no gloves)
MR       .....                  (no boots)
Stlth    ++........             (no amulet)
HPRegen  0.08/turn              (no ring)
MPRegen  0.11/turn              (no ring)

@: no status effects
A: negative energy resistance 1, electricity resistance, unbreathing,
petrification resistance, rot immunity, AC +3
a: no special abilities


You were on level 2 of the Dungeon.
You were not hungry.

You visited 1 branch of the dungeon, and saw 2 of its levels.

You collected 83 gold pieces.

Inventory:

Hand Weapons
 i - a +0 club (weapon)
Armour
 c - a +0 robe (worn)
 s - a cursed +0 pair of boots
Jewellery
 m - an uncursed ring of protection from magic {unknown}
Scrolls
 a - a scroll of enchant weapon {unknown}
 e - a scroll of teleportation {unknown}
 f - 2 scrolls of identify {unknown}
 n - a scroll of blinking {unknown}
 p - a scroll of remove curse {unknown}
 r - a scroll of random uselessness {unknown}
Potions
 b - a potion of ambrosia {unknown}
 g - a potion of heal wounds {unknown}
 j - a potion of flight {unknown}
 k - a potion of cancellation {unknown}
 o - a potion of berserk rage {unknown}
 q - a potion of haste {unknown}
Comestibles
 d - 4 rations


   Skills:
 - Level 1.5 Dodging
 - Level 2.1 Stealth
 + Level 3.3 Spellcasting
   Level 0.7 Transmutations
 + Level 5.1 Earth Magic


You had 8 spell levels left.
You knew the following spells:

 Your Spells              Type           Power        Failure   Level  Hunger
a - Sandblast             Erth           ###...       1%          1    None

Your spell library contained the following spells:

 Spells                   Type           Power        Failure   Level  Hunger
 Passwall                 Tmut/Erth      ##......     8%          2    ##.....
 Stone Arrow              Conj/Erth      ##....       19%         3    ###....
 Petrify                  Tmut/Erth      ##......     45%         4    ####...
 Lee's Rapid Deconstruct  Erth           ###.......   50%         5    ######.


Dungeon Overview and Level Annotations

Branches:
Dungeon (2/15)

Altars:


Innate Abilities, Weirdness & Mutations

You are resistant to torment.
Your stone body is resilient. (AC +3)
You are immune to poison.
You resist negative energy. (rN+)
You are resistant to electric shocks. (rElec)
You can survive without breathing.
You are immune to petrification.
You are immune to rotting.


Message History

The frilled lizard bites you but does no damage.
The orc wizard barely misses you. The frilled lizard barely misses you.
The orc wizard misses you.
You closely miss the orc wizard.
The orc wizard is almost dead.
The frilled lizard misses you.
The orc wizard gestures wildly while chanting.
The orc wizard flickers and vanishes!
Deactivating autopickup; reactivate with Ctrl-A.
You closely miss something. The frilled lizard barely misses you.
Something hits you but does no damage.
You completely miss something. The frilled lizard misses you.
Something hits you but does no damage. The frilled lizard closely misses you.
You barely miss something. Something hits you but does no damage.
The frilled lizard closely misses you.
You hear some strange, mumbled words.
A puff of flame appears from out of thin air!
The puff of flame hits you!
Ouch! That really hurt!
You die...

#...................
#...................
#.................r.
#..................o
#...................
####.........#.........
#.÷...##............#..
#####
#.##..##l{####..(...#
#...###.#.....@##
#####.##
#...##.......### .#
###............# #
.).......†.....#
###......))....#
#.....†......#
..#............#
#..............### ##a
.................##.....


You could see a frilled lizard.

Vanquished Creatures
  3 adders (D:2)
  2 dart slugs
  3 leopard geckos
  2 orcs (D:2)
  4 giant cockroaches
  7 goblins
  5 hobgoblins
  4 jackals (D:2)
  5 kobolds
  7 bats
  A frilled lizard (D:2)
  11 rats
54 creatures vanquished.

Notes
Turn   | Place    | Note
-------+----------+-------------------------------------------
     0 | D:1      | ElTigreChino the Gargoyle Earth Elementalist began the
                  | quest for the Orb.
     0 | D:1      | Reached XP level 1. HP: 10/10 MP: 3/3
   186 | D:1      | Reached XP level 2. HP: 15/15 MP: 0/5
   212 | D:1      | Reached skill level 4 in Earth Magic
   650 | D:1      | Reached XP level 3. HP: 16/19 MP: 2/6
  1238 | D:2      | Upgraded the game from 0.23.2 to 0.23.2-1-ga50397a6bc
  1265 | D:2      | Reached XP level 4. HP: 24/24 MP: 4/8
  1331 | D:2      | Reached skill level 5 in Earth Magic
  1534 | D:2      | Killed from afar by an orc wizard

Skill      XL: |  1  2  3  4 |
---------------+-------------+-----
Earth Magic    | 4 5 |  5.1
Spellcasting   | 3 |  3.3
Dodging        | |  1.5
Stealth        | |  2.1
Transmutations | |  0.7

Action                   |  1- 3 |  4- 6 || total
-------------------------+-------+-------++-------
Melee: Unarmed           |    44 |       ||    44
       Club              |    55 |    30 ||    85
 Cast: Sandblast         |    49 |    13 ||    62
 Stab: Sleeping          |     4 |       ||     4
  Eat: Chunk             |     2 |     1 ||     3
Armor: Robe              |    51 |    17 ||    68
Dodge: Dodged            |    92 |    33 ||   125
